 Dungeon Crawl Stone Soup version 0.26-a0-658-gbdda728c12 (webtiles) character file.

Game seed: 10475379223824070438

25 marklar909 the Vexing (level 3, 0/20 HPs)
             Began as a Kobold Arcane Marksman on Oct 5, 2020.
             Slain by an adder (1 damage)
             ... on level 2 of the Dungeon.
             The game lasted 00:02:13 (1776 turns).

marklar909 the Vexing (Kobold Arcane Marksman)      Turns: 1776, Time: 00:02:14

Health: 0/20       AC:  2    Str:  8    XL:     3   Next: 20%
Magic:  4/4        EV: 15    Int: 14    God:
Gold:   32         SH:  0    Dex: 15    Spells: 3/4 levels left

rFire    . . .     SeeInvis .   b - +0 dagger (curse)
rCold    . . .     Faith    .   (shield restricted)
rNeg     . . .     Spirit   .   e - +0 robe
rPois    .         Reflect  .   (no helmet)
rElec    .         Harm     .   (no cloak)
rCorr    .         Rampage  .   (no gloves)
MR       .....                  (no boots)
Stlth    +++.......             (no amulet)
HPRegen  0.06/turn              (no ring)
MPRegen  0.09/turn              (no ring)

@: brilliant
A: small, nightstalker 3
a: no special abilities


You were on level 2 of the Dungeon.
You visited 1 branch of the dungeon, and saw 2 of its levels.

You collected 32 gold pieces.

Inventory:

Hand Weapons
 a - a +0 hand crossbow
 b - a cursed +0 dagger (weapon)
Missiles
 d - 88 bolts
Armour
 e - a +0 robe (worn)
Jewellery
 i - a +6 ring of strength {unknown}
Scrolls
 c - 2 scrolls of teleportation {unknown}
 j - 2 scrolls of identify {unknown}
Potions
 f - a potion of brilliance
 g - a potion of curing {unknown}
 h - a potion of magic {unknown}
 k - 2 potions of invisibility {unknown}
 l - a potion of might {unknown}


   Skills:
 * Level 1.3 Fighting
 * Level 0.6 Short Blades
 * Level 3.2 Crossbows
 * Level 2.6 Dodging
 * Level 1.1 Stealth
 + Level 1.1 Spellcasting
 * Level 3.2 Hexes


You had 3 spell levels left.
You knew the following spells:

 Your Spells              Type           Power        Failure   Level
a - Corona                Hex            ##.....      7%          1

Your spell library contained the following spells:

 Spells                   Type           Power        Failure   Level
 Slow                     Hex            ##......     11%         2
 Inner Flame              Hex/Fire       #.......     38%         3
 Portal Projectile        Hex/Tloc       #.....       38%         3
 Cause Fear               Hex            ##........   56%         4
 Leda's Liquefaction      Hex/Erth       #.........   80%         4


Dungeon Overview and Level Annotations

Branches:
Dungeon (2/15)

Altars:


Innate Abilities, Weirdness & Mutations

You are small and have problems with some larger weapons.
You are completely attuned to the shadows.


Message History

You hit the adder.
The adder is almost dead.
The adder bites you but does no damage.
You closely miss the adder.
The adder is almost dead.
The adder bites you.
* * * LOW HITPOINT WARNING * * *
The adder misses you.
You hit the adder but do no damage.
The adder is almost dead.
The adder bites you.
* * * LOW HITPOINT WARNING * * *
You hit the adder but do no damage.
The adder is almost dead.
The adder barely misses you.
Unknown command.
It was a potion of brilliance.
You feel clever all of a sudden. The adder barely misses you.
The adder bites you.
You die...

#....# +....#
#....######
.....##...###
............#
............#
............#
........#S###
...####.#@#
..+......#
###.### #.# ###
#.# #.#######
#.# #......<#
#.# #.#######
####.########.#
..............#


You could see an adder.

Vanquished Creatures
  A leopard gecko (D:1)
  A ball python (D:1)
  4 bats (D:1)
  4 giant cockroaches (D:1)
  2 goblins (D:1)
  3 hobgoblins (D:1)
  A frilled lizard (D:1)
  6 rats (D:1)
22 creatures vanquished.

Notes
Turn   | Place    | Note
-------+----------+-------------------------------------------
     0 | D:1      | marklar909 the Kobold Arcane Marksman began the quest for
                  | the Orb.
     0 | D:1      | Reached XP level 1. HP: 12/12 MP: 2/2
   511 | D:1      | Reached XP level 2. HP: 16/16 MP: 3/3
  1218 | D:1      | Reached XP level 3. HP: 20/20 MP: 4/4
  1385 | D:1      | Reached skill level 1 in Stealth
  1774 | D:2      | HP: 1/20 [adder (5)]
  1776 | D:2      | Slain by an adder

Illustrated notes

Levels and vault maps discovered:
D:1:      dpeg_arrival_prison, layout_basic, hangedman_glass_garden,
          kennysheep_minor_cross, minmay_cut_off
D:2:      layout_basic

Skill      XL: |  1  2  3 |
---------------+----------+-----
Crossbows      | 3 |  3.2
Stealth        | 1 |  1.1
Fighting       | |  1.3
Short Blades   | |  0.6
Dodging        | |  2.6
Spellcasting   | |  1.1
Hexes          | |  3.2

Action                   || total
-------------------------++-------
Melee: Unarmed           ||     9
       Dagger            ||    86
 Fire: Hand crossbow     ||    19
  Use: Potion            ||     1
 Stab: Sleeping          ||    10
Armor: Robe              ||    20
Dodge: Dodged            ||   101

Table legend: (Time is in decaauts)
 A = Elapsed time spent in this place.
 B = Non-inter-level travel time spent in this place.
 C = Inter-level travel time spent in this place.
 D = Time resting spent in this place.
 E = Time spent auto-exploring this place.
 F = Levels seen in this place.
 G = Mean time per level.
                   A        B        C        D        E       F      G
               +--------+--------+--------+--------+--------+-----+--------+
         Total |   1780 |   1760 |     20 |    349 |   1173 |   2 |  890.0 |
       Dungeon |   1780 |   1760 |     20 |    349 |   1173 |   2 |  890.0 |
               +--------+--------+--------+--------+--------+-----+--------+

Top non-repeatable levels by time:
     D:1: 1724 daAuts
     D:2: 55 daAuts
